 Dungeon Crawl Stone Soup version 0.30-a0-272-gf98c3da03f (webtiles) character file.

Game seed: 978286246066385000

521 timneilson the Shield-Bearer (level 7, -2/43 HPs)
             Began as a Gargoyle Fighter on Oct 15, 2022.
             Was an Initiate of Okawaru.
             Slain by an ice beast (10 damage)
             ... on level 5 of the Dungeon.
             The game lasted 00:08:32 (3124 turns).

timneilson the Shield-Bearer (Gargoyle Fighter)     Turns: 3124, Time: 00:08:32

Health: -2/43      AC: 15    Str: 21    XL:     7   Next: 21%
Magic:  7/7        EV:  7    Int:  9    God:    Okawaru [......]
Gold:   245        SH:  4    Dex:  9    Spells: 6/6 levels left

rFire   . . .      SeeInvis .    a - +0 long sword
rCold   . . .      Faith    .    c - +0 buckler
rNeg    + . .      Spirit   .    f - +0 chain mail
rPois   ∞          Reflect  .    (no helmet)
rElec   +          Harm     .    b - +0 cloak
rCorr   +          Rampage  .    (no gloves)
Will    .....                    (no boots)
Stlth   ..........               (no amulet)
HPRegen 0.27/turn                o - ring of resist corrosion
MPRegen 0.10/turn                (no ring)

@: no status effects
A: sickness immunity, AC +4, negative energy resistance 1, electricity
resistance, torment resistance 1, petrification resistance
a: Renounce Religion


You were on level 5 of the Dungeon.
You worshipped Okawaru.
Okawaru was noncommittal.
You visited 2 branches of the dungeon, and saw 6 of its levels.

You collected 245 gold pieces.

Inventory:

Hand Weapons
 a - a +0 long sword (weapon)
Armour
 b - a +0 cloak (worn)
 c - a +0 buckler (worn)
 f - a +0 chain mail (worn)
 g - +0 gold dragon scales
Jewellery
 o - a ring of resist corrosion (left hand)
Wands
 j - a wand of roots (10)
Scrolls
 i - 2 scrolls of poison
 k - 4 scrolls of identify
Potions
 d - a potion of might
 e - 2 potions of resistance
 h - 2 potions of brilliance
 m - a potion of magic


   Skills:
 + Level 4.2 Fighting
 * Level 4.0 Long Blades
 * Level 5.0 Armour
 + Level 1.7 Dodging
 * Level 5.1 Shields
 + Level 0.1 Invocations
 + Level 0.2 Evocations


You had 6 spell levels left.
You didn't know any spells.
Your spell library contained the following spells:

 Spells                   Type           Power      Damage    Failure   Level
 Magic Dart               Conj           0%         1d3       99%         1
 Shock                    Conj/Air       0%         1d3       99%         1
 Slow                     Hex            0%         N/A       99%         1
 Ensorcelled Hibernation  Hex/Ice        0%         N/A       100%        2
 Wereblood                Tmut           0%         N/A       100%        2
 Confusing Touch          Hex            0%         N/A       100%        3
 Ignite Poison            Fire/Tmut/Pois 0%         N/A       100%        3
 Kindle Blastsparks       Fire/Tloc/Air  0%         2d10      100%        3
 Mephitic Cloud           Conj/Pois/Air  0%         N/A       100%        3
 Spider Form              Tmut/Pois      0%         N/A       100%        3
 Stone Arrow              Conj/Erth      0%         3d7       100%        3
 Swiftness                Air            0%         N/A       100%        3
 Vampiric Draining        Necr           0%         2d6       100%        3
 Airstrike                Air            0%         2d(0-16)  100%        4
 Anguish                  Hex/Necr       0%         N/A       100%        4
 Freezing Cloud           Conj/Ice/Air   0%         6-21      100%        5
 Lehudib's Crystal Spear  Conj/Erth      0%         10d2      100%        8
 Call Imp                 Summ           Unusable   N/A       N/A         2
 Sublimation of Blood     Necr           Unusable   N/A       N/A         2
 Animate Armour           Summ/Erth      Unusable   N/A       N/A         4
 Summon Hydra             Summ           Unusable   N/A       N/A         7

Dungeon Overview and Level Annotations

Branches:
Dungeon (5/15)             Temple (1/1) D:4

Altars:
Ashenzari
Cheibriados
Elyvilon
Gozag
Kikubaaqudgha
Makhleb
Nemelex Xobeh
Okawaru
Qazlal
Ru
Sif Muna
Uskayaw
Wu Jian
Xom
Yredelemnul
Zin
The Shining One

Annotations:
Temple 2 transporters


Innate Abilities, Weirdness & Mutations

You are immune to sickness and miasma.
Your stone body is resilient. (AC +4)
You are immune to poison.
You resist negative energy. (rN+)
You are resistant to electric shocks. (rElec)
You are resistant to unholy torment.
You are immune to petrification.


Message History

The ice beast is heavily wounded.
The ice beast hits you but does no damage.
You hit the ice beast.
The ice beast is heavily wounded.
You block the ice beast's attack. x2
You hit the ice beast but do no damage.
The ice beast is heavily wounded.
The ice beast closely misses you.
You closely miss the ice beast.
The ice beast is heavily wounded.
The ice beast hits you but does no damage.
You hit the ice beast.
The ice beast is severely wounded.
The ice beast closely misses you.
You hit the ice beast but do no damage.
The ice beast is severely wounded.
The ice beast closely misses you.
You hit the ice beast.
The ice beast is almost dead.
The ice beast hits you. The ice beast freezes you!
* * * LOW HITPOINT WARNING * * *
The ice beast hits you but does no damage.
You barely miss the ice beast.
The ice beast is almost dead.
The ice beast closely misses you.
You barely miss the ice beast.
The ice beast is almost dead.
The ice beast hits you but does no damage.
You barely miss the ice beast.
The ice beast is almost dead.
The ice beast hits you but does no damage.
You hit the ice beast.
The ice beast is almost dead.
The ice beast hits you but does no damage. x2
You barely miss the ice beast.
The ice beast is almost dead.
The ice beast hits you.
* * * LOW HITPOINT WARNING * * *
The ice beast freezes you!
You die...

######.###
###.@Y......
..#.####.##. #.#.#
#. #.#.#
.#...#####.#.###...
.......<....?.......
##...#.###.#####...#
... #. #.# ## # #.
#.#


You could see an ice beast.

Vanquished Creatures
  Edmund (D:4)
  A scorpion (D:4)
  A hound (D:4)
  An orc priest (D:4)
  3 orc wizards (D:4)
  4 gnolls (D:3)
  6 adders
  A worm (D:4)
  3 dart slugs
  9 orcs
  9 ball pythons
  6 endoplasms
  4 giant cockroaches
  9 goblins
  8 hobgoblins
  11 jackals
  5 quokkas
  2 bats
  3 frilled lizards
  9 kobolds
  7 rats
103 creatures vanquished.

Notes
Turn   | Place    | Note
-------+----------+-------------------------------------------
     0 | D:1      | timneilson the Gargoyle Fighter began the quest for the
                  | Orb.
     0 | D:1      | Reached XP level 1. HP: 14/14 MP: 1/1
    74 | D:1      | Reached XP level 2. HP: 16/19 MP: 2/2
   307 | D:1      | Reached XP level 3. HP: 23/23 MP: 3/3
  1027 | D:2      | Reached XP level 4. HP: 27/28 MP: 4/4
  1582 | D:3      | Reached skill level 1 in Dodging
  1589 | D:3      | Reached XP level 5. HP: 23/33 MP: 5/5
  2029 | D:4      | Reached XP level 6. HP: 20/38 MP: 6/6
  2694 | D:4      | Noticed Edmund
  2706 | D:4      | Killed Edmund
  2707 | D:4      | Reached skill level 5 in Shields
  2840 | D:4      | Found a staircase to the Ecumenical Temple.
  2852 | D:4      | Reached XP level 7. HP: 43/43 MP: 7/7
  2864 | Temple   | Entered the Ecumenical Temple
  2864 | Temple   | Found a transporter.
  2864 | Temple   | Found a transporter.
  2868 | Temple   | Found a transporter.
  2868 | Temple   | Found a transporter.
  2889 | Temple   | Became a worshipper of Warmaster Okawaru
  3033 | D:4      | Reached skill level 5 in Armour
  3096 | D:5      | Entered Level 5 of the Dungeon
  3124 | D:5      | Slain by an ice beast

Illustrated notes

Levels and vault maps discovered:
D:1:      lemuel_arrival_room, layout_loops_ring,
          corexii_item_surrounded_by_moat, minmay_shallow_snake_nest
D:2:      layout_rooms, grunt_decor_junction, grunt_decor_cap,
          minmay_tetromino_i4
D:3:      layout_loops_ring
D:4:      layout_gridville, minmay_temple_entry_grid, uniq_edmund
D:5:      layout_loops_corners, gammafunk_ghost_mausoleum, minivault_24,
          minmay_curled_crystal
Temple:   hellmonk_temple_divided_pantheon

Skill      XL: |  1  2  3  4  5  6  7 |
---------------+----------------------+-----
Long Blades    | 2 3 4 |  4.0
Shields        | 4 5 |  5.1
Armour         | 4 5 |  5.0
Dodging        | 1 |  1.7
Fighting       | 4 |  4.2
Invocations    | |  0.1
Evocations     | |  0.2

Action                   |  1- 3 |  4- 6 |  7- 9 || total
-------------------------+-------+-------+-------++-------
Melee: Long sword        |   164 |   314 |    43 ||   521
  Use: Scroll            |     5 |     3 |     2 ||    10
       Potion            |       |     5 |       ||     5
Armor: Chain mail        |   109 |   310 |    27 ||   446
Dodge: Dodged            |    66 |   160 |     7 ||   233
Block: Buckler           |    35 |    78 |    10 ||   123

Table legend: (Time is in decaauts)
 A = Elapsed time spent in this place.
 B = Non-inter-level travel time spent in this place.
 C = Inter-level travel time spent in this place.
 D = Time resting spent in this place.
 E = Time spent auto-exploring this place.
 F = Levels seen in this place.
 G = Mean time per level.
                   A        B        C        D        E       F      G
               +--------+--------+--------+--------+--------+-----+--------+
         Total |   3285 |   3182 |    103 |    274 |   1642 |   6 |  547.5 |
       Dungeon |   3240 |   3145 |     95 |    274 |   1634 |   5 |  648.0 |
        Temple |     44 |     36 |      8 |      0 |      8 |   1 |   44.0 |
               +--------+--------+--------+--------+--------+-----+--------+

Top non-repeatable levels by time:
     D:4: 918 daAuts
     D:3: 901 daAuts
     D:1: 889 daAuts
     D:2: 499 daAuts
  Temple: 44 daAuts
     D:5: 31 daAuts
